 Dungeon Crawl Stone Soup version 0.20-a0-915-gb278767 (webtiles) character file.

70704 M4edhros the Slicer (level 15, -22/115 HPs)
             Began as a Formicid Skald on Mar 25, 2017.
             Was the Champion of Cheibriados.
             Annihilated by Aizul (45 damage)
             ... on level 2 of the Snake Pit.
             The game lasted 00:54:01 (8990 turns).

M4edhros the Slicer (Formicid Skald)                Turns: 8990, Time: 00:54:01

Health: -22/115    AC: 23    Str: 35    XL:     15   Next: 79%
Magic:  20/23      EV: 19    Int: 34    God:    Cheibriados [******]
Gold:   569        SH:  0    Dex: 37    Spells: 7/25 levels left

rFire    . . .     SeeInvis +   t - +10 rapier of Coliac {flame, Dex+3}
rCold    + . .     Gourm    .   h - +3 shield {rF+}
rNeg     . . .     Faith    .   k - +7 chain mail "Ypae" {rF- Regen+ Int+3 Dex+5}
rPois    .         Spirit   .   (helmet unavailable)
rElec    +         Reflect  .   G - +0 cloak
rCorr    +         Harm     .   P - +0 pair of gloves
MR       ++...                  V - +2 pair of boots of Doericw {-Tele *Slow rElec rCorr}
Stlth    +.........             w - amulet of regeneration
Regen    1.5/turn               i - +2 ring of intelligence
MPRegen  0.2/turn               I - ring of wizardry

@: mighty, lethally poisoned (-22 -> -22), sleeping, very slow
A: permanent stasis, dig shafts and tunnels, four strong arms, antennae 3, slimy
green scales 1, cold resistance 1, deformed body, magic resistance 1,
regeneration 1, weak 1
a: Dig, Shaft Self, Bend Time, Temporal Distortion, Slouch, Step From Time,
Renounce Religion


You were on level 2 of the Snake Pit.
You worshipped Cheibriados.
Cheibriados was exalted by your worship.
You were hungry.

You visited 5 branches of the dungeon, and saw 23 of its levels.
You also visited: Ice Cave and Volcano.

You collected 1188 gold pieces.
You spent 619 gold pieces at shops.

Inventory:

Hand Weapons
 o - the +1 arbalest of Fortitude {flame, rC+ Int+2 SInv}
   (You found it on level 3 of the Lair of Beasts)

   It causes projectiles fired from it to burn those they strike, causing extra
   injury to most foes and up to half again as much damage against particularly
   susceptible opponents.
   It affects your intelligence (+2).
   It protects you from cold.
   It lets you see invisible.
 t - the +10 rapier of Coliac (weapon) {flame, Dex+3}
   (You found it on level 4 of the Dungeon)

   It has been specially enchanted to burn those struck by it, causing extra
   injury to most foes and up to half again as much damage against particularly
   susceptible opponents.
   It affects your dexterity (+3).
 z - a +0 blowgun
 M - a +3 scimitar of flaming
 O - a +2 longbow of flaming
 R - a +3 hunting sling of flaming
Missiles
 n - 8 tomahawks of dispersal (quivered)
 C - 65 poisoned needles
 J - 20 sling bullets
 T - 82 stones
 U - 7 curare-tipped needles
Armour
 h - a +3 shield of fire resistance (worn)
 k - the +7 chain mail "Ypae" (worn) {rF- Regen+ Int+3 Dex+5}
   (You bought it in a shop on level 9 of the Dungeon)

   It affects your intelligence (+3).
   It affects your dexterity (+5).
   It makes you vulnerable to fire.
   It increases your rate of regeneration.
 G - a +0 cloak (worn)
 P - a +0 pair of gloves (worn)
 V - the +2 pair of boots of Doericw (worn) {-Tele *Slow rElec rCorr}
   (You found it on level 5 of the Lair of Beasts)

   It insulates you from electricity.
   It prevents most forms of teleportation.
   It protects you from acid and corrosion.
   It may slow you when you take damage.
Jewellery
 i - a +2 ring of intelligence (left hand)
 r - an uncursed amulet of guardian spirit
 w - an amulet of regeneration (around neck)
 I - a ring of wizardry (right hand)
Wands
 f - a wand of acid (5/15)
 g - a wand of flame (13/48)
 s - a wand of paralysis (12/24)
Scrolls
 b - a scroll of vulnerability {unknown}
 e - a scroll of acquirement {unknown}
 l - a scroll of brand weapon {unknown}
 p - a scroll of fog {unknown}
 y - 5 scrolls of recharging
 A - a scroll of summoning {unknown}
 B - a scroll of magic mapping
 L - a scroll of fear
 N - a scroll of silence {unknown}
 W - a scroll of identify
Potions
 a - 2 potions of magic
 j - a potion of might
 q - 5 potions of curing
 v - 2 potions of cancellation
 F - 3 potions of ambrosia
 K - a potion of flight
 Q - a potion of brilliance
 X - a potion of invisibility
Books
 c - a book of Battle

   Spells                             Type                      Level
   a - Infusion                       Charms                       1
   b - Shroud of Golubria             Charms/Translocation         2
   c - Song of Slaying                Charms                       2
   d - Spectral Weapon                Hexes/Charms                 3
   e - Regeneration                   Charms/Necromancy            3
 x - a book of Frost

   Spells                             Type                      Level
   a - Freeze                         Ice                          1
   b - Throw Frost                    Conjuration/Ice              2
   c - Ozocubu's Armour               Charms/Ice                   3
   d - Throw Icicle                   Conjuration/Ice              4
   e - Summon Ice Beast               Ice/Summoning                4
 D - a book of Maledictions

   Spells                             Type                      Level
   a - Corona                         Hexes                        1
   b - Ensorcelled Hibernation        Hexes/Ice                    2
   c - Confuse                        Hexes                        3
   d - Tukima's Dance                 Hexes                        3
   e - Dazzling Spray                 Conjuration/Hexes            3
 H - a book of Burglary

   Spells                             Type                      Level
   a - Swiftness                      Charms/Air                   2
   b - Passwall                       Transmutation/Earth          2
   c - Passage of Golubria            Translocation                4
   d - Lee's Rapid Deconstruction     Earth                        5
   e - Darkness                       Hexes                        6
   f - Invisibility                   Hexes                        6
Comestibles
 d - 10 bread rations
 m - 6 meat rations
 E - 20 fruits
 S - a royal jelly


   Skills:
 + Level 9.6 Fighting
 * Level 11.8 Short Blades
   Level 4.1 Polearms
 + Level 11.4 Armour
 + Level 8.2 Dodging
 - Level 4.4 Stealth
 - Level 10.6 Shields
 + Level 5.5 Spellcasting
 - Level 3.4 Hexes
 - Level 7.0 Charms
 + Level 4.1 Summonings
 - Level 4.6 Necromancy
 + Level 5.7 Ice Magic
 - Level 8.1 Invocations


You had 7 spell levels left.
You knew the following spells:

 Your Spells              Type           Power        Failure   Level  Hunger
a - Infusion              Chrm           ####         1%          1    None
b - Regeneration          Chrm/Necr      #####.....   1%          3    None
c - Shroud of Golubria    Chrm/Tloc      ####......   2%          2    None
d - Spectral Weapon       Hex/Chrm       #####...     2%          3    None
e - Song of Slaying       Chrm           ######..     1%          2    None
f - Summon Ice Beast      Ice/Summ       #####...     9%          4    ##.....
g - Confuse               Hex            ####....     4%          3    None


Dungeon Overview and Level Annotations

Branches:
Dungeon (12/15)            Temple (1/1) D:7            Lair (6/6) D:10
 Shoals (0/4) Lair:4        Snake (2/4) Lair:4        Slime (0/5) Lair:6
    Orc (2/2) D:12            Elf (0/3) Orc:2

Altars:
Ashenzari
Cheibriados
Dithmenos
Fedhas
Gozag
Kikubaaqudgha
Okawaru
Ru
Sif Muna
Trog
Uskayaw
Vehumet
Xom
Yredelemnul
Zin
The Shining One
Beogh
Jiyva

Shops:
D:7 *   D:9 [   D:10 [

Annotations:
Snake:2 Aizul


Innate Abilities, Weirdness & Mutations

You cannot be hasted, slowed, berserked, paralysed or teleported.
You can dig through walls and to a lower floor.
Your four strong arms can wield two-handed weapons with a shield.
You have a pair of large antennae on your head. (SInv)
You are partially covered in slimy green scales. (AC +2)
Your flesh is cold resistant. (rC+)
Armour fits poorly on your strangely shaped body.
You are resistant to hostile enchantments. (MR+)
Your natural rate of healing is unusually fast.
You are weak. (Str -2)


Message History

Aizul is moderately wounded.
Your skin stops crawling.
You feel sick.
Your spectral weapon hits Aizul!
Your spectral weapon burns Aizul.
Aizul casts a spell at you. The bolt of poison misses you.
Unknown command.
You hit Aizul. You burn Aizul.
Aizul is moderately wounded.
Your spectral weapon misses Aizul.
You block Aizul's attack.
Unknown command.
Unknown command.
You puncture Aizul! You burn Aizul.
Aizul is heavily wounded.
You feel sick.
Your spectral weapon hits Aizul!
Your spectral weapon burns Aizul.
Aizul coils herself and waves her upper body at you.
You fall asleep.
You feel sick. Aizul hits you but does no damage. Aizul hits you!!!
You die...

#...........#
#.......)...#
#..........##
##.......)##
#......)...#
#.{........#
#...{......#
####.{........#
#(@#.{{{......#
#S###{.......##
#S{#{#{.....##
###{#########
###


You could see Aizul, a black mamba and a friendly spectral rapier of Coliac
{flame, Dex+3}.

Vanquished Creatures
  A nagaraja (Snake:2)
  Kirke (Snake:1)
  5 dire elephants (Lair:6)
  A fire dragon (Volcano)
  2 anacondas
  Erica (D:11)
  A catoblepas (Lair:5)
  2 two-headed ogres (D:11)
  7 death yaks
  A shock serpent (Snake:1)
  A naga ritualist (Snake:1)
  A necromancer (IceCv)
  A lindwurm (Volcano)
  4 oklob plants (Lair:5)
  A mana viper (Snake:1)
  An ugly thing (D:12)
  A salamander (Snake:2)
  18 elephants
  6 black mambas
  3 ice statues (IceCv)
  7 spiny frogs
  2 naga magi (Snake:1)
  4 rime drakes
  3 komodo dragons
  9 ice devils
  3 trolls
  3 hippogriffs
  A snapping turtle (Lair:4)
  5 wyverns
  A vampire (D:11)
  6 fire bats (Volcano)
  A spriggan (D:8)
  25 yaks
  Eustachio (D:6)
  A hog (Snake:1)
  2 hungry ghosts
  A basilisk (D:12)
  Grum (D:10)
  A steam dragon (D:11)
  A warg (Orc:1)
  7 nagas
  2 hell hounds (Volcano)
  11 water moccasins
  5 porcupines
  13 orc warriors
  A necrophage (D:8)
  2 ice beasts (D:9)
  3 phantoms
  A black bear (D:10)
  5 sky beasts
  5 ogres
  An eye of draining (D:10)
  A centaur (D:6)
  The ghost of luab the Changer, an amateur DrTm (D:4)
  12 wolves
  11 crocodiles
  A big kobold (D:8)
  12 bullfrogs
  A wyvern zombie (D:10)
  A wyvern skeleton (D:10)
  2 scorpions
  5 killer bees (D:6)
  8 wights
  2 electric eels
  8 howler monkeys
  2 bullfrog zombies (D:7)
  A centaur zombie (D:10)
  5 crimson imps
  2 draconian simulacra (IceCv)
  4 hounds
  2 jellies
  12 orc priests
  3 bullfrog skeletons
  A centaur skeleton (D:10)
  A gnoll shaman (D:7)
  19 orc wizards
  Jessica (D:2)
  7 hell rats (Lair:2)
  10 worker ants
  A troll simulacrum (IceCv)
  3 centaur simulacra (IceCv)
  A hound skeleton (D:10)
  A worker ant zombie (D:5)
  11 gnolls
  A howler monkey skeleton (D:6)
  12 adders
  A naga simulacrum (IceCv)
  3 ogre simulacra (IceCv)
  2 shadow imps
  2 oozes (Lair:6)
  2 adder skeletons
  An adder zombie (D:9)
  7 worms
  A dart slug (D:2)
  7 leopard geckos
  56 orcs
  2 ball pythons
  A giant cockroach (D:2)
  6 goblins
  2 hobgoblins
  18 jackals
  3 quokkas
  3 bats
  5 frilled lizards
  A jackal skeleton (D:4)
  9 kobolds
  A leopard gecko zombie (D:7)
  4 rats
  3 fungi
  4 plants (Lair:6)
502 creatures vanquished.

Vanquished Creatures (collateral kills)
  Snorg (D:12)
1 creature vanquished.

Vanquished Creatures (others)
  2 fungi (Lair:6)
  10 plants
  8 spectral weapons
20 creatures vanquished.

Grand Total: 523 creatures vanquished

Notes
Turn   | Place    | Note
-------+----------+-------------------------------------------
     0 | D:1      | M4edhros the Formicid Skald began the quest for the Orb.
     0 | D:1      | Reached XP level 1. HP: 16/16 MP: 3/3
   258 | D:2      | Reached XP level 2. HP: 13/22 MP: 0/5
   288 | D:2      | Found a glowing golden altar of the Shining One.
   291 | D:2      | Found a basalt altar of Yredelemnul.
   309 | D:2      | Found an ancient bone altar of Kikubaaqudgha.
   310 | D:2      | Found a hide-covered altar of Uskayaw.
   310 | D:2      | Found a sacrificial altar of Ru.
   377 | D:2      | Reached XP level 3. HP: 25/27 MP: 6/6
   396 | D:2      | Learned a level 3 spell: Regeneration
   424 | D:2      | Learned a level 2 spell: Shroud of Golubria
   452 | D:2      | Noticed Jessica
   471 | D:2      | Killed Jessica
   471 | D:2      | Reached skill level 1 in Necromancy
   471 | D:2      | Reached XP level 4. HP: 21/33 MP: 0/7
   681 | D:2      | HP: 1/33 [gnoll/flail (11)]
  1007 | D:3      | Reached XP level 5. HP: 37/38 MP: 4/8
  1044 | D:3      | Noticed an ogre
  1072 | D:3      | Killed an ogre
  1152 | D:3      | Reached XP level 6. HP: 30/44 MP: 1/9
  1621 | D:4      | Noticed luab's ghost (amateur DrTm)
  1772 | D:4      | Learned a level 3 spell: Spectral Weapon
  1802 | D:4      | Got an encrusted rapier
  1803 | D:4      | Identified the +10 rapier of Coliac {flame, Dex+3} (You found it on level 4 of the Dungeon)
  1831 | D:4      | Killed luab's ghost
  1831 | D:4      | Reached skill level 1 in Short Blades
  1831 | D:4      | Reached XP level 7. HP: 24/51 MP: 1/10
  1873 | D:4      | Reached skill level 5 in Charms
  1996 | D:5      | Entered Level 5 of the Dungeon
  2001 | D:5      | Reached skill level 1 in Hexes
  2301 | D:6      | Noticed Eustachio
  2307 | D:6      | Reached XP level 8. HP: 40/57 MP: 8/11
  2322 | D:6      | Killed Eustachio
  2371 | D:7      | Found a staircase to the Ecumenical Temple.
  2428 | Temple   | Entered the Ecumenical Temple
  2445 | Temple   | Became a worshipper of Cheibriados the Contemplative
  2856 | D:6      | Reached * piety under Cheibriados
  2876 | D:6      | Reached XP level 9. HP: 49/65 MP: 5/12
  2961 | D:7      | Found Zin's Purification Station.
  2961 | D:7      | Found a glowing silver altar of Zin.
  3119 | D:7      | Reached skill level 1 in Shields
  3129 | D:7      | Reached ** piety under Cheibriados
  3216 | D:8      | Reached skill level 5 in Shields
  3267 | D:8      | Learned a level 2 spell: Song of Slaying
  3440 | D:9      | Gained mutation: Armour fits poorly on your strangely shaped body. [mutagenic meat]
  3441 | D:9      | Gained mutation: Your natural rate of healing is unusually fast. [mutagenic meat]
  3442 | D:9      | Gained mutation: You are resistant to hostile enchantments. (MR+) [mutagenic meat]
  3443 | D:9      | Gained mutation: You are weak. (Str -2) [mutagenic meat]
  3453 | D:9      | Found Doijuotu's Armour Emporium.
  3476 | D:9      | Reached *** piety under Cheibriados
  3477 | D:9      | Reached XP level 10. HP: 60/71 MP: 6/13
  3512 | D:9      | Reached skill level 10 in Shields
  3602 | D:9      | Found a blossoming altar of Fedhas.
  3649 | D:9      | Reached **** piety under Cheibriados
  3836 | D:10     | Entered Level 10 of the Dungeon
  3860 | D:10     | Reached skill level 5 in Short Blades
  3905 | D:10     | Found a staircase to the Lair.
  3920 | D:10     | Noticed Grum
  3932 | D:10     | Killed Grum
  4008 | D:10     | Found Usmechag's Antique Armour Shop.
  4081 | D:10     | Reached skill level 5 in Fighting
  4187 | D:10     | Reached ***** piety under Cheibriados
  4261 | D:11     | Reached XP level 11. HP: 73/80 MP: 14/14
  4270 | D:11     | Reached skill level 1 in Invocations
  4289 | D:11     | Noticed Erica
  4297 | D:11     | Killed Erica
  4320 | D:11     | Found a shadowy altar of Dithmenos.
  4330 | D:11     | Noticed a two-headed ogre
  4335 | D:11     | Killed a two-headed ogre
  4335 | D:11     | Reached skill level 5 in Dodging
  4451 | D:11     | Got an ichor-stained scale mail
  4452 | D:11     | Identified the cursed +0 scale mail of the Komtur {rN+ Str+3} (You found it on level 11 of the Dungeon)
  4466 | D:11     | Noticed a two-headed ogre
  4474 | D:11     | Killed a two-headed ogre
  4684 | D:12     | Noticed Snorg
  4689 | D:12     | Killed Snorg
  4689 | D:12     | Reached skill level 5 in Invocations
  4764 | D:12     | Noticed a red ugly thing
  4777 | D:12     | Killed a red ugly thing
  4867 | D:12     | Found a staircase to the Orcish Mines.
  4876 | Orc:1    | Entered Level 1 of the Orcish Mines
  4978 | Orc:1    | Reached ****** piety under Cheibriados
  5192 | Orc:1    | Found a roughly hewn altar of Beogh.
  5229 | Orc:1    | Reached skill level 1 in Stealth
  5268 | Orc:1    | Reached XP level 12. HP: 88/89 MP: 12/16
  5338 | Orc:1    | Found a bloodstained altar of Trog.
  5411 | Orc:2    | Entered Level 2 of the Orcish Mines
  5411 | Orc:2    | Found a staircase to the Elven Halls.
  5599 | D:12     | Gained mutation: Your flesh is cold resistant. (rC+) [mutagenic meat]
  5600 | D:12     | Gained mutation: You are partially covered in slimy green scales. (AC +2) [mutagenic meat]
  5668 | D:9      | Bought the +7 chain mail "Ypae" {rF- Regen+ Int+3 Dex+5} for 619 gold pieces
  5750 | Lair:1   | Entered Level 1 of the Lair of Beasts
  5761 | Lair:1   | Learned a level 3 spell: Ozocubu's Armour
  5842 | Lair:1   | Reached skill level 5 in Armour
  5865 | Lair:1   | Reached skill level 1 in Ice Magic
  6158 | Lair:3   | Got a faintly glowing arbalest
  6225 | Lair:3   | Found a frozen archway.
  6249 | IceCv    | Entered an ice cave
  6486 | IceCv    | Reached XP level 13. HP: 94/96 MP: 15/19
  6658 | Lair:3   | Identified the +1 arbalest of Fortitude {flame, rC+ Int+2 SInv} (You found it on level 3 of the Lair of Beasts)
  6790 | Lair:2   | Reached skill level 10 in Armour
  6790 | Lair:2   | Reached XP level 14. HP: 104/104 MP: 20/20
  6962 | Lair:5   | Found a hide-covered altar of Uskayaw.
  7053 | Lair:5   | Learned a level 3 spell: Confuse
  7077 | Lair:5   | Found a dark tunnel.
  7086 | Volcano  | Entered a volcano
  7137 | Volcano  | Reached skill level 10 in Short Blades
  7342 | Lair:5   | Learned a level 4 spell: Summon Ice Beast
  7371 | Lair:5   | Reached skill level 1 in Summonings
  7555 | Lair:5   | Got a pair of spiked boots
  7566 | Lair:5   | Identified the +2 pair of boots of Doericw {-Tele *Slow rElec rCorr} (You found it on level 5 of the Lair of Beasts)
  7723 | Lair:6   | Entered Level 6 of the Lair of Beasts
  7760 | Lair:6   | Reached XP level 15. HP: 101/112 MP: 13/21
  7784 | Lair:6   | Found a runed door.
  7785 | Lair:6   | Found a viscous altar of Jiyva.
  7824 | Lair:6   | Found a staircase to the Slime Pits.
  7961 | Lair:6   | Reached skill level 5 in Ice Magic
  8532 | Lair:4   | Found a staircase to the Shoals.
  8584 | Lair:4   | Reached skill level 5 in Spellcasting
  8704 | Lair:4   | Found a staircase to the Snake Pit.
  8708 | Snake:1  | Entered Level 1 of the Snake Pit
  8876 | Snake:1  | Noticed Kirke
  8889 | Snake:1  | Killed Kirke
  8947 | Snake:2  | Noticed a nagaraja
  8977 | Snake:2  | Noticed Aizul
  8981 | Snake:2  | Killed a nagaraja
  8990 | Snake:2  | Annihilated by Aizul

Vault maps used:
D:1:      matt_arrival_los_fun
D:2:      nicolae_overflow_hidden_temple, chequers_ecumenical_altar_twisty,
          nemelex_spade_bored_becter, uniq_jessica
D:3:      minmay_misc_feat_room
D:4:      serial_glass, glass_columns_b, glass_columns_b, minmay_misc_feat_x
D:5:      old_standard_altar, first_bread
D:6:      uniq_eustachio
D:7:      zin_purify, minmay_temple_entry_steel_oval
D:8:      serial_glass, glass_columns_a, glass_columns_b, the_bakery
D:9:      kennysheep_little_box, serial_shops,
          nicolae_shop_temple_entry_statues_fountains
D:10:     lair_entry_dummy, serial_shops, nicolae_shop_waterfront, uniq_grum
D:11:     nicolae_dithmenos_shadow_blocks, uniq_erica
D:12:     orc_0_dummy, serial_shops, kennysheep_mini,
          minmay_misc_feat_four_crosses, uniq_snorg
Temple:   zaba_magenta_temple
Lair:1:   serial_bayou_shore_b, grunt_megastairs_2
Lair:3:   portal_ice_cave_demonic_guard, lemuel_fruit_tree
Lair:4:   minmay_shoals_entry_hut, minmay_snake_entry_guardpost_medium,
          serial_bayou_shore_b
Lair:5:   lightli_volcano_entry_magma_tube, lemuel_altar_in_water2,
          minmay_lair_oklob_chamber, grunt_megastairs_3, serial_bayou_shore_a
Lair:6:   due_jungle_book, slime_altar_2, serial_bayou, serial_bayou_ford_a,
          serial_bayou_pond_b, serial_bayou_pond_c, serial_bayou_pond_a,
          serial_bayou_pond_b
Snake:1:  nicolae_snake_single_loop, uniq_kirke, uniq_josephine
Snake:2:  st_stairs_1, nrook_guardian_serpent_double, uniq_aizul
Orc:1:    basic_altar, david_defended_altar_orc
Orc:2:    st_orc_mages, serial_shops, shop
IceCv:    ice_cave_tombish
Volcano:  volcano_pools

Skill      XL: |  1  2  3  4  5  6  7  8  9 10 11 12 13 14 15 |
---------------+----------------------------------------------+-----
Polearms       | 3 4 |  4.1
Necromancy     | 1 2 3 4 |  4.6
Charms         | 4 5 6 7 |  7.0
Short Blades   | 1 2 4 6 8 9 10 11 | 11.8
Dodging        | 2 3 4 5 6 7 8 |  8.2
Hexes          | 1 3 |  3.4
Fighting       | 3 4 5 6 7 8 9 |  9.6
Shields        | 8 10 | 10.6
Armour         | 3 4 5 10 11 | 11.4
Invocations    | 6 8 |  8.1
Stealth        | 1 4 |  4.4
Ice Magic      | 2 3 4 5 |  5.7
Spellcasting   | 4 5 |  5.5
Summonings     | 2 4 |  4.1

Action                   |  1- 3 |  4- 6 |  7- 9 | 10-12 | 13-15 || total
-------------------------+-------+-------+-------+-------+-------++-------
Melee: Spear             |    84 |   287 |       |       |       ||   371
       Rapier            |       |    11 |   259 |   567 |   541 ||  1378
 Fire: Hunting sling     |       |       |       |       |    31 ||    31
 Cast: Infusion          |     3 |       |       |       |       ||     3
       Regeneration      |     2 |    24 |    19 |    15 |    19 ||    79
       Shroud of Golubri |       |     2 |       |     1 |       ||     3
       Spectral Weapon   |       |       |     3 |    31 |    25 ||    59
       Song of Slaying   |       |       |       |     2 |       ||     2
 Abil: Dig               |     9 |     7 |    20 |    35 |    18 ||    89
Evoke: Phantom mirror    |       |       |       |     1 |       ||     1
       Wand              |       |       |       |       |    12 ||    12
  Use: Potion            |     4 |     1 |       |     1 |     6 ||    12
       Scroll            |       |     2 |     4 |     8 |    18 ||    32
 Stab: Sleeping          |       |       |     1 |     2 |       ||     3
       Distracted        |       |       |       |     6 |    10 ||    16
  Eat: Chunk             |       |     6 |    11 |    15 |     7 ||    39
       Bread ration      |       |     1 |     1 |     2 |       ||     4
       Royal jelly       |       |       |       |     1 |       ||     1
Armor: Leather armour    |    18 |    44 |    32 |    13 |       ||   107
       Skin              |    16 |       |       |       |       ||    16
       Chain mail        |       |       |       |    18 |   127 ||   145
Dodge: Dodged            |    47 |   125 |   143 |   145 |   176 ||   636
Block: Buckler           |       |       |     2 |       |       ||     2
       Shield            |       |       |    59 |   446 |   419 ||   924
